 Dungeon Sprint DCSS version 0.31.0-11-ge490571c62 (webtiles) character file.

Game seed: 3680803653914018393

54 boopmooplesden the Protected (level 5, -5/48 HPs)
             Began as an Armataur Fighter on Jan 31, 2024.
             Was an Initiate of Okawaru.
             Killed from afar by a steam dragon (18 damage)
             ... with a ball of steam
             ... in the Dungeon (Sprint VI: "Thunderdome").
             The game lasted 00:02:06 (393 turns).

boopmooplesden the Protected (Armataur Fighter)      Turns: 393, Time: 00:02:07

Health: -5/48      AC: 12    Str: 28    XL:     5   Next: 42%
Magic:  14/14      EV:  8    Int:  8    God:    Okawaru [......]
Gold:   145        SH:  4    Dex:  7    Spells: 4/4 levels left

rFire   . . .        a - +0 long sword
rCold   + . .        c - +0 buckler
rNeg    . . .        b - +0 scale mail
rPois   +            (no helmet)
rElec   .            (no cloak)
rCorr   .            (no gloves)
SInv    .            (no barding)
Will    +....        p - amulet "Riyhaaff" {RegenMP rPois Slay+2} Stlth
                     q - ring of Zohin {rC+ Will+ MP+9 Str+4 Dex-2}
HPRegen 0.28/turn    o - ring "Befalex" {rPois AC+4}
MPRegen 0.54/turn

%: no teleportation, roll
@: no status effects
A: large, deformed body, tough skin 3, armoured tail, roll 1
a: Renounce Religion


You were in the Dungeon.
You worshipped Okawaru.
Okawaru was noncommittal.
You visited 1 branch You collected 280 gold pieces.
You spent 135 gold pieces at shops.

Inventory:

Hand Weapons
 a - a +0 long sword (weapon)
Armour
 b - a +0 scale mail (worn)
 c - a +0 buckler (worn)
Jewellery
 o - the ring "Befalex" (right hand) {rPois AC+4}
   (You bought it in a shop in the Dungeon)

   [ring of protection]

   AC+4:      It affects your AC (+4).
   rPois:     It protects you from poison
 p - the amulet "Riyhaaff" (around neck) {RegenMP rPois Slay+2}
   (You bought it in a shop in the Dungeon)

   [amulet of magic regeneration]

   RegenMP:   It increases your rate of magic regeneration.
   Slay+2:    It affects your accuracy & damage with ranged weapons and melee
   (+2).
   rPois:     It protects you from poison
 q - the ring of Zohin (left hand) {rC+ Will+ MP+9 Str+4 Dex-2}
   (You bought it in a shop in the Dungeon)

   [ring of protection from cold]

   Str+4:     It affects your strength (+4).
   Dex-2:     It affects your dexterity (-2).
   rC+:       It protects you from cold.
   Will+:     It increases your willpower.
   MP+9:      It affects your magic capacity (+9).
Wands
 l - a wand of acid (5)
 m - a wand of iceblast (5)
Scrolls
 j - 4 scrolls of blinking
 n - 3 scrolls of fog
Potions
 d - a potion of might
 e - a potion of curing
 f - 2 potions of heal wounds
 g - 4 potions of haste
 h - 2 potions of magic
 i - a potion of berserk rage
 k - a potion of resistance


   Skills:
 + Level 5.3 Fighting
 + Level 5.3 Long Blades
 + Level 8.8 Armour
 + Level 1.6 Dodging
 + Level 5.7 Shields
 + Level 0.3 Invocations


You had 4 spell levels left.
You didn't know any spells.
Your spell library was empty.

Dungeon Overview and Level Annotations

Branches:
Dungeon (1/1)

Altars:
Cheibriados
Dithmenos
Fedhas
Gozag
Kikubaaqudgha
Makhleb
Okawaru
Qazlal
Ru
Sif Muna
Trog
Uskayaw
Vehumet
Wu Jian
Xom
Yredelemnul
Zin
The Shining One
Lugonu

Shops:
D *[=??*?*:[((!!!!


Innate Abilities, Weirdness & Mutations

Armour fits poorly on your strangely shaped body.
You have extremely tough skin. (AC +3)
You have a long armoured tail.
You regenerate magic when rolling toward enemies. (Rampage MPRegen)


Message History

You are engulfed in a cloud of scalding steam.
Something hits you but does no damage.
You closely miss something. You tail-slap something.
Something hits you but does no damage.
You miss something.
You are engulfed in a cloud of scalding steam.
You block something's attack.
You barely miss something. Something hits you but does no damage.
You miss something.
Your tail-slap misses something.
Something hits you but does no damage. The steam dragon bites you!
The steam dragon barely misses you. Something hits you but does no damage.
You closely miss something.
The steam dragon bites you but does no damage.
The steam dragon claws you but does no damage.
Something hits you.
* * * LOW HITPOINT WARNING * * *
Something shocks you.
* * * LOW HITPOINT WARNING * * *
You block the steam dragon's attack. The steam dragon claws you.
* * * LOW HITPOINT WARNING * * *
Unknown command.
You block something's attack. The steam dragon bites you.
* * * LOW HITPOINT WARNING * * *
The steam dragon closely misses you.
You feel much better. Something hits you but does no damage.
The steam dragon bites you.
The steam dragon claws you but does no damage.
Okay, then.
Unknown command.
Okay, then.
You barely miss the steam dragon. You tail-slap the steam dragon.
The steam dragon is lightly wounded.
Something hits you. Something shocks you. The steam dragon bites you.
* * * LOW HITPOINT WARNING * * *
The steam dragon closely misses you. The steam dragon breathes steam at you.
The ball of steam hits something!
Reactivating autopickup.
You feel a bit more experienced. The ball of steam hits you!!
You die...

#∩.......∩# #_......._#
#_......._# #_.)....._#
###.........### #⌠...........⌠#
######.8..D......8.######
##∩__......§###....).___∩##
###∩........8@# #.8........∩##
##.............###.............
#⌠..........###...###..........
#⌠..........# #.<.# #..........
#⌠..[.......###...###..........
##.............###...[.........
###∩........8.# #.8).......∩##
##∩.__......###......___∩##
######.8.........8.######


You could see a steam dragon (catching breath).

Vanquished Creatures
  Pargi (D)
  2 gnoll boudas (D)
  3 gnolls (D)
  A river rat (D)
  A quokka (D)
  3 rats (D)
11 creatures vanquished.

Vanquished Creatures (others)
  A sky beast (D)
1 creature vanquished.

Grand Total: 12 creatures vanquished

Notes
Turn   | Place    | Note
-------+----------+-------------------------------------------
     0 | D        | boopmooplesden the Armataur Fighter began the quest for the
                  | Orb.
     0 | D        | Reached XP level 1. HP: 18/18 MP: 1/1
     0 | D        | Found an opulent altar of Gozag.
     3 | D        | Found a snail-covered altar of Cheibriados.
     4 | D        | Found a basalt altar of Yredelemnul.
     4 | D        | Found a shimmering blue altar of Sif Muna.
     5 | D        | Found an iron altar of Okawaru.
     5 | D        | Round 1.
     6 | D        | Found Qiniecvi's Timeless Talismans.
     6 | D        | Found an ancient bone altar of Kikubaaqudgha.
     6 | D        | Found Ylopasy's Identification Station.
     7 | D        | Found Lyenn's Jewellery.
     7 | D        | Found Cuenwyt's Advanced Armour.
    14 | D        | Became a worshipper of Warmaster Okawaru
    17 | D        | Bought a translucent carnelian ring for 45 gold pieces
    17 | D        | Identified the ring "Befalex" {rPois AC+4} (You bought it
                  | in a shop in the Dungeon)
    17 | D        | Bought a coiled silver amulet for 45 gold pieces
    17 | D        | Identified the amulet "Riyhaaff" {RegenMP rPois Slay+2}
                  | (You bought it in a shop in the Dungeon)
    17 | D        | Bought a translucent steel ring for 45 gold pieces
    17 | D        | Identified the ring of Zohin {rC+ Will+ MP+9 Str+4 Dex-2}
                  | (You bought it in a shop in the Dungeon)
    28 | D        | Found a glowing golden altar of the Shining One.
    29 | D        | Found a hide-covered altar of Uskayaw.
    30 | D        | Found Ocluis's Premium Goods.
    31 | D        | Found Xoffoet's Miscellaneous Merchandise.
    31 | D        | Found Baohep's Basic Armour.
    32 | D        | Found a stormy altar of Qazlal.
    32 | D        | Found a shadowy altar of Dithmenos.
    32 | D        | Found Usimy's Weapon Rack.
    36 | D        | Found an ornate altar of the Wu Jian Council.
    37 | D        | Found a bloodstained altar of Trog.
    39 | D        | Found Godocsog's Do-It-Yourself Clinic.
    40 | D        | Noticed a gnoll bouda
    42 | D        | Reached skill level 4 in Armour
    42 | D        | Reached XP level 2. HP: 21/26 MP: 2/2
    42 | D        | Found a sacrificial altar of Ru.
    42 | D        | Found a radiant altar of Vehumet.
    42 | D        | Found a glowing silver altar of Zin.
    42 | D        | Found Kuhittoy's Distillery.
    56 | D        | Reached skill level 5 in Armour
    56 | D        | Reached XP level 3. HP: 13/33 MP: 3/3
    56 | D        | Found Webriameso's Bottled Wisdom.
    56 | D        | Found Sogam's Distillery.
    65 | D        | Found a blossoming altar of Fedhas.
    66 | D        | Found a corrupted altar of Lugonu.
    67 | D        | Found a burning altar of Makhleb.
    68 | D        | Found Doicum's Staff Store.
    77 | D        | Found Zezat's Must-Have Magic.
    77 | D        | Found Vobio's Magic Scroll Shop.
    78 | D        | Found a shimmering altar of Xom.
    78 | D        | Found Ixeosawi's Magic Scroll Shop.
    88 | D        | Reached skill level 6 in Armour
    88 | D        | Reached skill level 5 in Shields
   111 | D        | Reached * piety under Okawaru
   111 | D        | Arena points: 12 (+12) [x2]
   112 | D        | Reached XP level 4. HP: 22/41 MP: 4/4
   154 | D        | Round 2.
   155 | D        | Noticed Pargi
   181 | D        | Killed Pargi
   182 | D        | Reached skill level 5 in Fighting
   182 | D        | Reached skill level 5 in Long Blades
   182 | D        | Reached skill level 8 in Armour
   182 | D        | Reached skill level 1 in Dodging
   182 | D        | Reached XP level 5. HP: 11/48 MP: 5/5
   264 | D        | Arena points: 54 (+42) [x3]
   338 | D        | Round 3.
   366 | D        | Noticed a sky beast
   382 | D        | Noticed a steam dragon
   389 | D        | HP: 2/48 [steam dragon (4)]
   393 | D        | Killed a sky beast
   393 | D        | Killed from afar by a steam dragon

Illustrated notes

Levels and vault maps discovered:
D:        arena_sprint

Skill      XL: |  1  2  3  4 |
---------------+-------------+-----
Fighting       | 3 4 5 |  5.3
Long Blades    | 2 3 5 |  5.3
Armour         | 4 5 6 8 |  8.8
Shields        | 4 5 |  5.7
Dodging        | 1 |  1.6
Invocations    | |  0.3

Action                     |  1- 3 |  4- 6 || total
---------------------------+-------+-------++-------
  Melee: Long sword        |    30 |    51 ||    81
         Tailslap          |     7 |     6 ||    13
 Invoke: Heroism           |       |     1 ||     1
    Use: Potion            |     1 |     1 ||     2
 Armour: Scale mail        |    22 |   103 ||   125
  Dodge: Dodged            |     9 |    29 ||    38
  Block: Buckler           |     3 |    19 ||    22
